Map: Honorgrounds LE

Players

erikmaster

  • Race: Protoss Protoss
  • League: Diamond
  • Spawn Location: 11:00

Railgan - Winner!

  • Race: Zerg Zerg
  • League: Grandmaster
  • Spawn Location: 1:00

VOD

Have the link to the VOD?

Description

Time

  • Played on: March 15, 2017, 2:30 p.m.
  • Length: 10:38
Show
View Real Time Build Order
Export as new Build Order

erikmaster Protoss 

Build Orders: 1 Gate Expand, Oracle Opening 

Get SALT Encoding   

  12  0:03  Probe (Chrono Boost)  
  13  0:14  Probe (Chrono Boost)  
  14  0:22  Pylon  
  14  0:24  Probe (Chrono Boost)  
  15  0:40  Probe (Chrono Boost)  
  16  0:43  Gateway  
  16  0:51  Probe (Chrono Boost)  
  16  0:55  Assimilator  
  17  1:02  Probe (Chrono Boost)  
  18  1:12  Probe (Chrono Boost)  
  19  1:22  Nexus  
  19  1:24  Probe (Chrono Boost)  
  20  1:35  Cybernetics Core  
  20  1:39  Probe (Chrono Boost)  
  21  1:48  Assimilator  
  21  1:51  Probe (Chrono Boost)  
  22  2:02  Probe (Chrono Boost)  
  23  2:09  Warp Gate  
  23  2:12  Pylon, Gateway  
  23  2:30  Probe (Chrono Boost)  
  23  2:35  Stargate  
  24  2:38  Adept  
  27  2:44  Probe (Chrono Boost)  
  27  2:45  Probe (Chrono Boost)  
  27  2:55  Probe (Chrono Boost)  
  27  2:57  Probe (Chrono Boost)  
  29  3:00  Stalker  
  31  3:07  Mothership Core (Chrono Boost)  
  31  3:11  Probe (Chrono Boost)  
  34  3:23  Probe (Chrono Boost)  
  34  3:26  Probe (Chrono Boost)  
  36  3:28  Oracle  
  40  3:35  Probe (Chrono Boost)  
  40  3:36  Probe (Chrono Boost)  
  41  3:46  Assimilator  
  41  3:47  Probe x2 (Chrono Boost)  
  43  3:50  Pylon, Assimilator  
  43  3:53  Pylon  
  43  3:57  Probe (Chrono Boost)  
  43  3:59  Probe (Chrono Boost)  
  45  4:08  Gateway, Probe (Chrono Boost)  
  47  4:11  Probe (Chrono Boost)  
  44  4:23  Probe (Chrono Boost)  
  42  4:24  Oracle  
  46  4:38  Probe (Chrono Boost)  
  46  4:40  Probe (Chrono Boost)  
  47  4:49  Probe (Chrono Boost)  
  47  4:52  Probe (Chrono Boost)  
  49  4:55  Void Ray  
  50  5:00  Probe (Chrono Boost)  
  50  5:04  Probe (Chrono Boost)  
  50  5:07  Adept x2  
  57  5:10  Probe (Chrono Boost)  
  60  5:16  Probe (Chrono Boost)  
  60  5:20  Pylon  
  60  5:21  Probe (Chrono Boost)  
  62  5:22  Pylon  
  62  5:39  Probe (Chrono Boost)  
  62  5:40  Probe (Chrono Boost)  
  64  5:49  Probe (Chrono Boost)  
  65  5:50  Adept x3  
  65  5:52  Probe (Chrono Boost)  
  72  6:00  Probe (Chrono Boost)  
  72  6:02  Stargate  
  74  6:04  Probe (Chrono Boost)  
  74  6:06  Fleet Beacon  
  74  6:08  Forge  
  74  6:10  Probe (Chrono Boost)  
  76  6:19  Probe (Chrono Boost)  
  76  6:21  Probe (Chrono Boost)  
  77  6:30  Nexus  
  77  6:31  Probe (Chrono Boost)  
  78  6:35  Assimilator  
  78  6:40  Assimilator  
  78  6:43  Pylon  
  74  6:48  Pylon  
  72  6:54  Adept  
  72  6:55  Adept x2  
  72  7:04  Carrier x2  
  83  7:19  Graviton Catapult  
  83  7:20  Protoss Air Weapons Level 1  
  83  7:21  Protoss Ground Weapons Level 1  
  83  7:28  Probe x2 (Chrono Boost)  
  85  7:35  Photon Cannon  
  85  7:36  Photon Cannon  
  85  7:40  Pylon, Adept x3, Probe (Chrono Boost)  
  92  7:50  Gateway  
  92  7:52  Gateway  
  92  7:53  Probe x2 (Chrono Boost)  
  92  7:54  Gateway  
  94  8:08  Adept x3  
  94  8:21  Carrier x2  
  94  8:29  Adept x2  
  94  8:30  Adept  
  112  8:41  Robotics Facility  
  112  8:44  Pylon  
  112  8:52  Twilight Council  
  112  8:54  Pylon, Adept x2  
  117  8:56  Pylon  
  117  8:57  Probe (Chrono Boost)  
  117  9:03  Pylon  
  117  9:06  Pylon  
  117  9:08  Photon Cannon  
  117  9:09  Photon Cannon  
  89  9:20  Adept  
  89  9:21  Adept x3  
  97  9:27  Photon Cannon  
  99  9:32  Probe x2 (Chrono Boost)  
  99  9:42  Robotics Facility  
  99  9:47  Adept x4  
  99  9:50  Void Ray  
  111  10:02  Pylon  
  111  10:04  Photon Cannon  
  111  10:13  Mothership Core (Chrono Boost)  
  111  10:16  Pylon  
  101  10:29  Pylon  
  101  10:30  Pylon  
  101  10:32  Adept x3  
  101  10:33  Adept x2  
Show
View Real Time Build Order
Export as new Build Order

Railgan Zerg - Winner!

Build Orders: Hatch First 

Get SALT Encoding   

  12  0:02  Drone  
  13  0:12  Overlord  
  13  0:23  Drone  
  14  0:31  Drone  
  14  0:32  Drone  
  14  0:34  Drone  
  17  0:57  Drone  
  17  0:59  Drone, Hatchery  
  18  1:12  Extractor  
  18  1:15  Spawning Pool  
  16  1:20  Drone  
  16  1:22  Drone  
  18  1:28  Drone  
  19  1:40  Drone  
  20  1:49  Overlord  
  20  2:01  Queen  
  22  2:09  Drone  
  22  2:11  Queen  
  22  2:13  Zergling x2  
  22  2:14  Drone  
  27  2:16  Metabolic Boost  
  27  2:23  Drone x2  
  29  2:32  Overlord  
  29  2:34  Drone  
  30  2:37  Queen  
  32  2:45  Drone x2  
  32  2:51  Evolution Chamber  
  33  2:56  Drone x2  
  35  3:06  Drone x2  
  35  3:12  Zergling x6  
  40  3:15  Zergling x2  
  40  3:17  Zerg Melee Weapons Level 1  
  41  3:20  Overlord  
  41  3:21  Drone x2  
  43  3:28  Drone  
  44  3:39  Drone x4  
  48  3:41  Lair  
  48  3:44  Extractor x2  
  46  3:49  Overlord  
  46  4:00  Drone x2  
  46  4:01  Drone x3  
  46  4:02  Drone  
  52  4:05  Overlord  
  52  4:11  Drone  
  52  4:16  Zergling x2  
  54  4:17  Roach Warren  
  54  4:22  Drone x4  
  54  4:28  Drone  
  54  4:29  Extractor  
  54  4:30  Spore Crawler  
  54  4:31  Drone, Spore Crawler  
  52  4:36  Zergling x6  
  52  4:37  Zergling x2  
  55  4:44  Infestation Pit, Drone  
  56  4:45  Baneling Nest  
  56  4:52  Drone  
  56  4:58  Burrow  
  56  5:02  Drone  
  56  5:06  Zergling x8  
  61  5:09  Drone x2  
  63  5:14  Hatchery  
  63  5:18  Overlord  
  63  5:19  Zerg Melee Weapons Level 2  
  62  5:32  Drone, Pathogen Glands  
  61  5:36  Drone x2  
  61  5:38  Zergling x2  
  61  5:39  Zergling x10  
  69  5:45  Zergling x2  
  66  6:01  Infestor x3  
  71  6:06  Drone x3  
  71  6:10  Drone  
  75  6:19  Extractor, Overlord x2  
  75  6:23  Extractor  
  73  6:26  Overlord  
  73  6:28  Queen  
  73  6:29  Hatchery  
  73  6:30  Overlord  
  74  6:32  Spore Crawler  
  74  6:33  Drone  
  74  6:34  Overlord  
  74  6:37  Queen x2  
  78  6:43  Drone x2  
  78  6:44  Drone  
  78  6:45  Drone x3  
  78  6:46  Zergling x2  
  82  6:52  Infestor  
  82  6:53  Infestor  
  85  6:56  Drone  
  85  7:00  Zergling x4  
  85  7:01  Zergling x2  
  87  7:02  Drone  
  87  7:07  Drone x3  
  87  7:12  Drone x2  
  89  7:18  Drone  
  89  7:19  Evolution Chamber  
  89  7:20  Centrifical Hooks  
  89  7:21  Hydralisk Den, Drone  
  89  7:23  Evolution Chamber, Zergling x2  
  89  7:24  Drone  
  90  7:30  Zergling x2  
  90  7:46  Drone x2  
  90  7:47  Drone x7  
  90  7:48  Queen  
  101  7:54  Muscular Augments  
  101  7:55  Zerg Missile Weapons Level 1, Zerg Ground Armor Level 1  
  100  8:00  Zergling x10  
  100  8:01  Overlord  
  105  8:11  Drone  
  105  8:12  Drone x5  
  110  8:20  Overlord  
  110  8:21  Extractor  
  110  8:23  Extractor, Drone  
  110  8:24  Drone x2  
  111  8:27  Drone  
  111  8:28  Drone  
  111  8:32  Hydralisk  
  111  8:33  Hydralisk  
  117  8:35  Hatchery  
  117  8:39  Baneling  
  117  8:40  Baneling x17  
  116  8:42  Zergling x6  
  116  8:46  Zergling x2  
  116  8:47  Zergling x4  
  122  8:50  Overlord  
  122  8:51  Hydralisk x2  
  122  8:55  Hydralisk  
  128  8:57  Overlord  
  128  9:00  Overlord  
  128  9:02  Neural Parasite  
  128  9:06  Overlord  
  118  9:18  Hydralisk x10  
  118  9:21  Zergling x2  
  118  9:22  Zergling x4  
  139  9:25  Hydralisk  
  139  9:26  Hydralisk  
  143  9:35  Hydralisk x5  
  153  9:41  Baneling x5  
  153  9:42  Baneling x3, Drone  
  154  9:47  Hydralisk x4  
  162  10:08  Hydralisk  
  162  10:09  Hydralisk x2  
  164  10:18  Overlord  
  164  10:19  Zergling x2  
Tags
 
Add a new tag
Caveats
  • Supply blocks, unpowered buildings, or Contaminate may cause inaccurate times.
  • Supply counts are checked every 10 seconds.